 Dungeon Crawl Stone Soup version 0.32-a0-685-g93135e86f0 (webtiles) character file.

Game seed: 17979176559916873247

1221 hikkokomori the Trooper (level 8, -1/97 HPs)
             Began as a Coglin Berserker on Mar 12, 2024.
             Was a Priest of Trog.
             Slain by a gnoll
             ... wielding a +0 spear
             ... led by a gnoll bouda
              (4 damage)
             ... on level 5 of the Dungeon.
             The game lasted 00:08:17 (3781 turns).

hikkokomori the Trooper (Coglin Berserker)          Turns: 3781, Time: 00:08:17

Health: -1/97      AC: 18    Str: 20    XL:     8   Next: 47%
Magic:  8/8        EV:  6    Int:  6    God:    Trog [***...]
Gold:   315        SH:  0    Dex: 14    Spells: 7/7 levels left

rFire   . . .        n - +4 mace (protect) {Johann}
rCold   . . .        k - +2 short sword (venom) {Suchat}
rNeg    . . .        e - +0 plate armour
rPois   .            (no helmet)
rElec   .            (no cloak)
rCorr   .            (no gloves)
SInv    .            m - +0 pair of boots
Will    ++...        (amulet unavailable) Stlth
                     (ring unavailable)
HPRegen 1.36/turn    (ring unavailable)
MPRegen 0.11/turn    (no gizmo)

%: no passive effects
@: berserking, strong-willed, under a protective aura, regenerating, studying
Short Blades, revving, very quick
A: off-hand wielding, slow wielding, warmup strikes, no jewellery
a: Invent Gizmo, Renounce Religion, Berserk, Trog's Hand


You were on level 5 of the Dungeon.
You worshipped Trog.
Trog was most pleased with you.
You visited 1 branch of the dungeon, and saw 6 of its levels.

You collected 315 gold pieces.

Inventory:

Hand Weapons
 a - a +0 hand axe {Sarina}
 c - a +0 dagger {Osbert}
 f - a +0 whip {Izel}
 k - a +2 short sword of venom (offhand) {Suchat}
 n - a +4 mace of protection (weapon) {Johann}
 q - the +3 spear "String" {flame, Str+5}
   (You found it on level 3 of the Dungeon)

   Str+5:     It affects your strength (+5).
Missiles
 s - 2 boomerangs (quivered)
Armour
 b - a +0 animal skin
 e - a +0 plate armour (worn)
 m - a +0 pair of boots (worn)
Wands
 w - a wand of mindburst (15)
Scrolls
 i - a scroll of enchant armour {unknown}
 j - 2 scrolls of revelation {unknown}
 l - 2 scrolls of identify {unknown}
 p - a scroll of fog {unknown}
 r - a scroll of summoning {unknown}
 u - a scroll of silence {unknown}
 x - a scroll of teleportation {unknown}
 y - a scroll of vulnerability {unknown}
Potions
 d - 3 potions of curing {unknown}
 g - 3 potions of enlightenment {unknown}
 h - 4 potions of heal wounds {unknown}
 o - a potion of lignification {unknown}
 t - a potion of brilliance {unknown}
 v - a potion of haste {unknown}
 z - 2 potions of ambrosia {unknown}
 A - a potion of cancellation {unknown}


   Skills:
 + Level 6.7 Fighting
 + Level 5.0 Short Blades
 - Level 4.3(5.4) Axes
 + Level 4.4(5.1) Maces & Flails
 - Level 1.7 Armour
 - Level 1.7 Dodging


You had 7 spell levels left.
You didn't know any spells.
Your spell library was empty.

Dungeon Overview and Level Annotations

Branches:
Dungeon (6/15)             Temple (0/1) D:4

Altars:
Gozag

Annotations:
D:5 Pikel


Innate Abilities, Weirdness & Mutations

You can wield a second weapon in your off-hand.
It takes a long time for you to wield or remove held weapons.
Your first few attacks do less damage.
You cannot equip rings or amulets.


Message History

Pikel freezes you.
* * * LOW HITPOINT WARNING * * *
The gnoll hits you from afar with a +0 spear.
* * * LOW HITPOINT WARNING * * *
The gnoll hits you with a +0 flail.
* * * LOW HITPOINT WARNING * * *
You hit Pikel with your +2 short sword of venom.
Pikel is poisoned.
Pikel is lightly wounded.
You hit Pikel with your +4 mace of protection.
Pikel says, "You'll make a fine lemure."
Pikel hits you but does no damage.
The gnoll hits you from afar with a +0 spear.
* * * LOW HITPOINT WARNING * * *
You bludgeon Pikel with your +4 mace of protection!!
Pikel is severely wounded.
You hit Pikel with your +2 short sword of venom.
Pikel looks as sick as possible!
The gnoll hits you with a +0 flail.
* * * LOW HITPOINT WARNING * * *
You hit Pikel with your +2 short sword of venom.
Pikel looks as sick as possible!
Pikel is almost dead.
You barely miss Pikel with your +4 mace of protection.
Pikel hits you with a +2 whip of freezing!
* * * LOW HITPOINT WARNING * * *
Pikel freezes you.
* * * LOW HITPOINT WARNING * * *
The gnoll barely misses you. The gnoll hits you with a +0 flail.
* * * LOW HITPOINT WARNING * * *
Unknown command.
Unknown command.
You bludgeon the gnoll with your +4 mace of protection!!
You feel the power of Trog in you as your rage grows.
You kill the gnoll!
Trog accepts your kill.
Unknown command.
Pikel attacks as he pursues you! Pikel hits you but does no damage.
The gnoll attacks as it pursues you!
The gnoll hits you from afar with a +0 spear.
You die...

..........
..........#...........
..........#..........
..........#.........
...................
##<#..............
####..#..........# ..
..............)..# ...
#.............gK@#....
#..)......)....###....
#...........##.......#
#...#.......##.......#
#.<..........#........
#..........).#........
#.....................
#....................#
#.........###.:......#


You could see Pikel (extremely poisoned) and a gnoll.

Vanquished Creatures
  Sigmund (D:2)
  A sky beast (D:4)
  An ice beast (D:4)
  2 centaurs (D:5)
  A bullfrog (D:6)
  A scorpion (D:4)
  A hound (D:4)
  3 jellies (D:4)
  2 bombardier beetles
  An orc priest (D:4)
  Jessica (D:2)
  An iguana (D:4)
  Terence (D:2)
  An orc wizard (D:3)
  8 gnolls
  10 adders
  2 white imps (D:5)
  5 dart slugs
  2 ribbon worms
  15 orcs
  9 ball pythons
  2 endoplasms
  2 giant cockroaches (D:1)
  9 goblins
  3 hobgoblins
  A jackal (D:2)
  4 quokkas
  A bat (D:1)
  7 frilled lizards
  6 kobolds
  6 rats
110 creatures vanquished.

Notes
Turn   | Place    | Note
-------+----------+-------------------------------------------
     0 | D:1      | hikkokomori the Coglin Berserker began the quest for the
                  | Orb.
     0 | D:1      | Reached XP level 1. HP: 18/18 MP: 1/1
   131 | D:1      | Reached XP level 2. HP: 23/24 MP: 2/2
   416 | D:1      | Reached ** piety under Trog
   533 | D:1      | Reached XP level 3. HP: 29/29 MP: 3/3
   800 | D:2      | Noticed Jessica
   803 | D:2      | Killed Jessica
   804 | D:2      | Reached skill level 4 in Fighting
   804 | D:2      | Reached XP level 4. HP: 34/37 MP: 4/4
   938 | D:2      | Noticed Terence
   950 | D:2      | Killed Terence
  1178 | D:2      | Noticed Sigmund
  1188 | D:2      | Killed Sigmund
  1189 | D:2      | Reached skill level 1 in Short Blades
  1189 | D:2      | Reached skill level 1 in Maces & Flails
  1189 | D:2      | Reached XP level 5. HP: 39/43 MP: 5/5
  1189 | D:2      | Reached XP level 6. HP: 45/50 MP: 6/6
  1390 | D:2      | Found an opulent altar of Gozag.
  1458 | D:3      | Identified the +3 spear "String" {flame, Str+5}
  1588 | D:3      | Reached skill level 5 in Fighting
  1890 | D:3      | Reached *** piety under Trog
  2297 | D:4      | Reached XP level 7. HP: 56/56 MP: 7/7
  2349 | D:4      | Reached skill level 6 in Fighting
  2486 | D:4      | Reached XP level 8. HP: 64/64 MP: 8/8
  2631 | D:4      | You fall into a shaft and drop 2 floors!
  2705 | D:5      | Entered Level 5 of the Dungeon
  2769 | D:5      | Noticed Pikel
  3204 | D:4      | Found a staircase to the Ecumenical Temple.
  3673 | D:5      | Identified the +1 scale mail of Okawaru's Delight {rElec
                  | rN+ Str-3}
  3774 | D:5      | Reached skill level 5 in Short Blades
  3779 | D:5      | HP: 4/97 [Pikel/+2 whip of freezing (8)]
  3779 | D:5      | HP: 1/97 [gnoll/+0 flail[a gnoll bouda] (2)]
  3781 | D:5      | Slain by a gnoll

Illustrated notes

Levels and vault maps discovered:
D:1:      roderic_crossed_star, layout_loops_ring, minivault_4, st_stairs_11
D:2:      layout_basic, basic_altar, kennysheep_generic_room_9, uniq_sigmund,
          uniq_terence, uniq_jessica
D:3:      minmay_chambers_of_twos, layout_loops_cross
D:4:      layout_loops_ring, temple_green, minmay_manual_mail
D:5:      layout_basic, mainiacjoe_overflow_alcove_4, uniq_pikel
D:6:      layout_basic, mainiacjoe_overflow_24_doors

Skill      XL: |  1  2  3  4  5  6  7  8 |
---------------+-------------------------+-----
Fighting       | 4 5 6 |  6.7
Axes           | 4 |  4.3
Short Blades   | 1 2 3 5 |  5.0
Maces & Flails | 1 2 3 4 |  4.4
Armour         | |  1.7
Dodging        | |  1.7

Action                     |  1- 3 |  4- 6 |  7- 9 || total
---------------------------+-------+-------+-------++-------
  Melee: Hand axe          |    49 |    19 |       ||    68
         Whip              |    43 |       |       ||    43
         Dagger            |     2 |       |       ||     2
         Short sword       |       |    74 |    84 ||   158
         Mace              |       |    61 |   100 ||   161
 Invoke: Berserk           |       |       |     2 ||     2
         Trog's Hand       |       |       |     1 ||     1
 Armour: Plate armour      |    70 |    69 |   125 ||   264
         Animal skin       |     5 |       |       ||     5
  Dodge: Dodged            |    16 |    20 |    29 ||    65

Table legend: (Time is in decaauts)
 A = Elapsed time spent in this place.
 B = Non-inter-level travel time spent in this place.
 C = Inter-level travel time spent in this place.
 D = Time resting spent in this place.
 E = Time spent auto-exploring this place.
 F = Levels seen in this place.
 G = Mean time per level.
                   A        B        C        D        E       F      G
               +--------+--------+--------+--------+--------+-----+--------+
         Total |   3801 |   3675 |    126 |    169 |   2793 |   6 |  633.5 |
       Dungeon |   3801 |   3675 |    126 |    169 |   2793 |   6 |  633.5 |
               +--------+--------+--------+--------+--------+-----+--------+

Top non-repeatable levels by time:
     D:4: 1093 daAuts
     D:3: 871 daAuts
     D:1: 773 daAuts
     D:2: 686 daAuts
     D:5: 302 daAuts
     D:6: 73 daAuts
